 Dungeon Crawl Stone Soup version 0.19.1 (webtiles) character file.

6074 hairmachine the Cruncher (level 11, -3/84 HPs)
             Began as a Human Gladiator on Nov 27, 2016.
             Was a Priest of Yredelemnul.
             Slain by a komodo dragon (24 damage)
             ... on level 1 of the Lair of Beasts.
             The game lasted 00:47:15 (12601 turns).

hairmachine the Cruncher (Human Gladiator)         Turns: 12601, Time: 00:47:17

Health: -3/84      AC: 12    Str: 19    XL:     11   Next: 11%
Magic:  15/15      EV: 12    Int:  8    God:    Yredelemnul [***...]
Gold:   506        SH:  0    Dex: 12    Spells: 1 memorised, 8 levels left

rFire  + + .     SeeInvis +     m - +9 battleaxe of Adeso {flame, rF++ rC+ Dex-4 Stlth+}
rCold  + . .     Gourm    .     I - +3 ring mail
rNeg   . . .     Faith    .     (shield currently unavailable)
rPois  .         Spirit   .     (helmet restricted)
rElec  .         Reflect  .     v - +0 cloak
rCorr  .         Harm     .     e - +2 pair of gloves {archery}
MR     .....     Clarity  +     (no boots)
Stlth  +++.......               (no amulet)
                                L - ring of stealth
                                i - ring of see invisible {sInv, !d}

@: no status effects
A: antennae 1, agile 1, clarity
a: Recall Undead Slaves, Injury Mirror, Animate Dead, Renounce Religion


You were on level 1 of the Lair of Beasts.
You worshipped Yredelemnul.
Yredelemnul was most pleased with you.
You were hungry.

You visited 2 branches of the dungeon, and saw 9 of its levels.
You also visited: Sewer.

You collected 506 gold pieces.


Innate Abilities, Weirdness & Mutations

You have a pair of small antennae on your head.
You are agile. (Dex +2)
You possess an exceptional clarity of mind.


   Skills:
 + Level 7.2 Fighting
 + Level 8.8 Axes
 - Level 10.7 Staves
 - Level 2.0 Throwing
 - Level 3.0 Dodging
 - Level 5.3 Invocations


You had 8 spell levels left.
You knew the following spells:

 Your Spells              Type           Power        Failure   Level  Hunger
r - Repel Missiles        Chrm/Air       #.....       92%         2    ###....

Inventory:

Hand Weapons
 a - a +0 quarterstaff
 m - the +9 battleaxe of Adeso (weapon) {flame, rF++ rC+ Dex-4 Stlth+}
   (You took it off an orc wizard on level 6 of the Dungeon)

   It has been specially enchanted to burn those struck by it, causing extra
   injury to most foes and up to half again as much damage against particularly
   susceptible opponents.
   Big, fiery blades are also staple armaments of hydra-hunters.
   It affects your dexterity (-4).
   It greatly protects you from fire.
   It protects you from cold.
   It makes you more stealthy.
 E - a +0 fustibalus
   (You found it on level 3 of the Dungeon)
Missiles
 n - a throwing net {!f=f, !d}
Armour
 c - a +0 helmet
 e - a +2 pair of gloves of archery (worn)
   (You found it on level 8 of the Dungeon)
 v - a +0 cloak (worn)
   (You found it on level 2 of the Dungeon)
 I - a +3 ring mail (worn)
   (You found it on level 7 of the Dungeon)
Jewellery
 d - an uncursed ring of fire {rF+, rC-}
   (You took it off an orc on level 5 of the Dungeon)
 i - a ring of see invisible (left hand) {sInv, !d}
   (You found it on level 1 of the Lair of Beasts)
 L - a ring of stealth (right hand)
   (You found it on level 7 of the Dungeon)
Wands
 g - a wand of flame (17/48)
   (You took it off Grum on level 8 of the Dungeon)
 k - a wand of lightning (8/15)
   (You found it on level 6 of the Dungeon)
 H - a wand of disintegration (9/24)
   (You found it on level 4 of the Dungeon)
 K - a wand of confusion (16/48)
   (You found it on level 7 of the Dungeon)
Scrolls
 h - 4 scrolls of enchant armour {!r, unknown}
 l - 7 scrolls of remove curse {!r}
 p - a scroll of noise {!r, unknown}
 q - 6 scrolls of identify {!r}
 s - 2 scrolls of amnesia {!r, unknown}
 t - 4 scrolls of teleportation {!r}
 y - 2 scrolls of enchant weapon {!r, unknown}
 z - 2 scrolls of blinking {!r, unknown}
 B - a scroll of fog {!r, unknown}
 D - a scroll of magic mapping {!r, unknown}
 G - a scroll of recharging {!r, unknown}
Potions
 j - a potion of lignification {!q, unknown}
 o - a potion of might {!q, unknown}
 r - a potion of degeneration {!q, unknown}
 w - a potion of invisibility {!q, unknown}
 x - a potion of berserk rage {!q, unknown}
 A - 4 potions of magic {!q}
 C - 2 potions of curing {!q}
 F - a potion of cancellation {!q, unknown}
Books
 J - a book of Minor Magic
   (You found it on level 8 of the Dungeon)

   Spells                             Type                      Level
   a - Magic Dart                     Conjuration                  1
   b - Blink                          Translocation                2
   c - Call Imp                       Summoning                    2
   d - Repel Missiles                 Charms/Air                   2
   e - Slow                           Hexes                        2
   f - Conjure Flame                  Conjuration/Fire             3
   g - Mephitic Cloud                 Conjuration/Poison/Air       3
Comestibles
 b - 3 meat rations
 f - 6 bread rations
 u - 10 fruits

Dungeon Overview and Level Annotations

Branches:
Dungeon (8/15)             Temple (0/1) D:6            Lair (1/6) D:8

Altars:
Cheibriados
Elyvilon
Trog
Yredelemnul

Annotations:
D:4 Menkaure
D:7 exclusions: door and hill giant
Lair:1 exclusions: 4 killer bees and spiny frog

...#P...#.##....l.#....#
................@......##
........................#
........................#
.......................##
♣.....................##
.♣.#.................#.#
y..#.###...........##.##
♣...###............###
y♣................##
♣................##
♣.................#
♣.♣.....##........## .
♣♣....###.......P###
♣....###.#.....##.##
♣...............#..#
♣....#.............#


You could see a komodo dragon.


Message History

* * * LOW HITPOINT WARNING * * *
Damage: -7%(-5hp) hp: 51%(39hp)
You slash the wolf! You burn the wolf.
You kill the wolf!
You have reached level 11!
You start resting.
HP restored.
A komodo dragon comes into view.
A yak comes into view.
Found 14 poisoned needles.
The yak moves out of view.
The komodo dragon hisses angrily.
A hippogriff comes into view.
A komodo dragon comes into view.
The yak gores your komodo dragon zombie.
The komodo dragon moves out of view.
Your komodo dragon zombie closely misses the yak.
The yak gores your komodo dragon zombie!
Your komodo dragon zombie bites the yak!
The komodo dragon barely misses your komodo dragon zombie.
Your komodo dragon zombie barely misses the yak.
The yak gores your komodo dragon zombie!
The komodo dragon bites your komodo dragon zombie!!
Your komodo dragon zombie bites the komodo dragon.
You hear an angry hiss.
The yak gores your komodo dragon zombie.
Your komodo dragon zombie bites the yak.
The komodo dragon bites your komodo dragon zombie!
Your komodo dragon zombie is destroyed!
A komodo dragon comes into view.
The yak gores you.
The komodo dragon barely misses your komodo dragon zombie.
You slice the yak!! You burn the yak.
You kill the yak!
The komodo dragon bites your komodo dragon zombie!!
Your komodo dragon zombie bites the komodo dragon!!
The komodo dragon bites your komodo dragon zombie!
Damage: -1%(-1hp) hp: 99%(82hp)
Something bites your komodo dragon zombie!
Your komodo dragon zombie is destroyed!
The komodo dragon barely misses you.
You closely miss the komodo dragon.
The komodo dragon hisses menacingly.
The komodo dragon bites you.
Damage: -5%(-4hp) hp: 94%(78hp)
You completely miss the komodo dragon. The komodo dragon bites you!!
Huge Dmg: -22%(-19hp) hp: 72%(59hp)
You barely miss the komodo dragon. The komodo dragon barely misses you.
You slash the komodo dragon! You burn the komodo dragon.
The komodo dragon is moderately wounded.
The komodo dragon bites you but does no damage.
The komodo dragon closely misses you.
You slash the komodo dragon! You burn the komodo dragon.
The komodo dragon is severely wounded.
The komodo dragon bites you!
* * * LOW HITPOINT WARNING * * *
Huge Dmg: -21%(-17hp) hp: 52%(43hp)
You slice the komodo dragon!! You burn the komodo dragon.
You kill the komodo dragon!
Your Fighting skill increases to level 7!
The komodo dragon misses you.
You hit the komodo dragon. You burn the komodo dragon.
The komodo dragon is heavily wounded.
The komodo dragon bites you.
* * * LOW HITPOINT WARNING * * *
Damage: -1%(-1hp) hp: 52%(43hp)
You slash the komodo dragon! You burn the komodo dragon.
The komodo dragon is almost dead.
The komodo dragon bites you!
* * * LOW HITPOINT WARNING * * *
Huge Dmg: -17%(-14hp) hp: 35%(29hp)
You slash the komodo dragon! You burn the komodo dragon.
You kill the komodo dragon!
Really quaff
M - a potion of agility {!q}?
You feel agile all of a sudden.
The komodo dragon completely misses you.
You barely miss the komodo dragon. The komodo dragon bites you!
* * * LOW HITPOINT WARNING * * *
Huge Dmg: -8%(-7hp) hp: 28%(23hp)
You slice the komodo dragon!! You burn the komodo dragon.
The komodo dragon is severely wounded.
The komodo dragon barely misses you. The komodo dragon bites you!!
* * * LOW HITPOINT WARNING * * *
Huge Dmg: -25%(-21hp) hp: 3%(2hp)
The komodo dragon hisses menacingly.
You feel a little less agile now.
You are feeling hungry.
The komodo dragon hisses menacingly.
The komodo dragon closely misses you. The komodo dragon barely misses you.
The komodo dragon hisses menacingly.
The komodo dragon bites you!!
* * * LOW HITPOINT WARNING * * *
Huge Dmg: -25%(-21hp) hp: 20%(16hp)
The komodo dragon hisses menacingly.
The komodo dragon hisses menacingly.
There is a staircase back to the Dungeon here.
The komodo dragon bites you!!
You die...
Your body rises from the dead as a mindless zombie.

Vault maps used:
D:1:      onia_arrival_handbag
D:2:      cheibriados_altar_1, first_bread
D:3:      lemuel_round_altar, gup_sewer_entry_pipe, corexii_leaking_fountain,
          uniq_natasha
D:4:      grunt_decor_resistance, uniq_menkaure, uniq_duvessa, uniq_robin
D:5:      tgw_trog
D:6:      basic_altar, uniq_pikel
D:8:      dpeg_oklobed_lair, kennysheep_minor_cross, uniq_grum,
          uniq_prince_ribbit1
Lair:1:   wad_woods_minihive, beast_lair_carwin_1, uniq_harold
Sewer:    sewer_co_cracked_pipes

Notes
Turn   | Place    | Note
-------+----------+-------------------------------------------
     0 | D:1      | hairmachine the Human Gladiator began the quest for the Orb.
     0 | D:1      | Reached XP level 1. HP: 16/16 MP: 1/1
    77 | D:1      | Reached XP level 2. HP: 21/22 MP: 2/2
   352 | D:1      | Reached skill level 4 in Staves
   352 | D:1      | Reached XP level 3. HP: 27/27 MP: 3/3
  1213 | D:2      | Found a snail-covered altar of Cheibriados.
  1222 | D:2      | Reached XP level 4. HP: 33/33 MP: 4/4
  1841 | D:3      | Reached skill level 5 in Staves
  1946 | D:3      | Found a glowing drain.
  1954 | D:3      | Reached XP level 5. HP: 38/38 MP: 5/5
  1975 | Sewer    | Entered a sewer
  2533 | D:3      | Found a basalt altar of Yredelemnul.
  2540 | D:3      | Became a worshipper of Yredelemnul the Dark
  2928 | D:3      | Reached skill level 6 in Staves
  3073 | D:3      | Noticed Natasha
  3100 | D:3      | Killed Natasha
  3100 | D:3      | Reached XP level 6. HP: 12/44 MP: 6/6
  3749 | D:4      | Noticed Robin
  3774 | D:4      | Killed Robin
  3790 | D:4      | Reached * piety under Yredelemnul
  3843 | D:4      | Reached skill level 7 in Staves
  4095 | D:4      | Noticed Menkaure
  4271 | D:3      | Noticed Natasha
  4285 | D:3      | Reached XP level 7. HP: 29/50 MP: 7/7
  4343 | D:3      | Killed Natasha
  4457 | D:3      | Noticed Natasha
  4469 | D:3      | Killed Natasha
  4642 | D:4      | Noticed Dowan
  4645 | D:4      | Noticed Duvessa
  4677 | D:4      | Killed Duvessa
  4677 | D:4      | Reached skill level 8 in Staves
  4700 | D:4      | Killed Dowan
  5041 | D:5      | Entered Level 5 of the Dungeon
  5502 | D:5      | Reached XP level 8. HP: 29/56 MP: 8/8
  5514 | D:5      | Reached skill level 9 in Staves
  6097 | D:5      | Noticed a moth of wrath
  6100 | D:5      | Found a bloodstained altar of Trog.
  6192 | D:5      | Got an encrusted rapier {pierce}
  6195 | D:5      | Identified the +0 rapier "Potyfeeb" {pierce, rF+ MP+9 Int+4} (You took it off an orc wizard on level 5 of the Dungeon)
  6513 | D:5      | Reached ** piety under Yredelemnul
  6566 | D:5      | Reached skill level 10 in Staves
  7029 | D:6      | Reached skill level 1 in Invocations
  7246 | D:6      | Noticed Pikel
  7271 | D:6      | Killed Pikel
  7271 | D:6      | Reached XP level 9. HP: 55/65 MP: 8/11
  7845 | D:6      | Found a white marble altar of Elyvilon.
  8058 | D:6      | Found a staircase to the Ecumenical Temple.
  8098 | D:6      | Got a brightly glowing battleaxe {flame}
  8100 | D:6      | Identified the +9 battleaxe of Adeso {flame, rF++ rC+ Dex-4 Stlth+} (You took it off an orc wizard on level 6 of the Dungeon)
  8562 | D:7      | Reached skill level 1 in Axes
  8755 | D:7      | Noticed a hippogriff
  8760 | D:7      | Killed a hippogriff
  8843 | D:7      | Noticed a hill giant
  8917 | D:7      | Reached skill level 5 in Fighting
  9051 | D:7      | Reached skill level 5 in Invocations
  9295 | D:8      | Noticed a skeletal warrior
  9297 | D:8      | Noticed a skeletal warrior
  9611 | D:8      | Noticed Prince Ribbit
  9625 | D:8      | Noticed a skeletal warrior
  9628 | D:7      | Killed Prince Ribbit
  9628 | D:7      | Reached XP level 10. HP: 48/74 MP: 14/14
  9841 | D:7      | Reached skill level 5 in Axes
 10110 | D:7      | Gained mutation: You possess an exceptional clarity of mind. [potion of mutation]
 10110 | D:7      | Gained mutation: You have a pair of small antennae on your head. [potion of mutation]
 10110 | D:7      | Gained mutation: You are agile. (Dex +2) [potion of mutation]
 10145 | D:8      | HP: 2/74 [hippogriff (5)]
 10615 | D:8      | Found a staircase to the Lair.
 10949 | D:8      | Learned a level 2 spell: Repel Missiles
 11146 | D:8      | Reached *** piety under Yredelemnul
 11272 | D:8      | Noticed Grum
 11283 | D:8      | Killed Grum
 11434 | Lair:1   | Entered Level 1 of the Lair of Beasts
 11480 | Lair:1   | Noticed a spiny frog
 11920 | Lair:1   | Noticed a komodo dragon
 11945 | Lair:1   | Killed a komodo dragon
 12033 | Lair:1   | Noticed a komodo dragon
 12047 | Lair:1   | Killed a komodo dragon
 12192 | Lair:1   | Noticed a komodo dragon
 12195 | Lair:1   | Noticed a komodo dragon
 12209 | Lair:1   | Killed a komodo dragon
 12216 | Lair:1   | Killed a komodo dragon
 12224 | Lair:1   | Reached XP level 11. HP: 42/83 MP: 15/15
 12434 | Lair:1   | HP: 2/84 [komodo dragon (22)]
 12601 | Lair:1   | Slain by a komodo dragon

Vanquished Creatures
  Pikel (D:6)
  5 komodo dragons (Lair:1)
  3 hippogriffs
  Prince Ribbit (D:7)
  A yak (Lair:1)
  Grum (D:8)
  Duvessa (D:4)
  A water moccasin (Lair:1)
  An ice beast (D:5)
  An orc warrior (D:6)
  A necrophage (D:6)
  A black bear (D:7)
  3 ogres
  A phantom (D:8)
  2 wolves
  5 centaurs
  2 crocodiles (Lair:1)
  4 bullfrogs
  A wyvern zombie (D:7)
  Dowan (D:4)
  3 wights (D:6)
  3 howler monkeys
  5 crimson imps
  A bullfrog zombie (D:5)
  2 hounds
  2 bullfrog skeletons
  An orc priest (D:6)
  6 worker ants
  Natasha (thrice) (D:3)
  5 orc wizards
  2 hound skeletons
  2 worker ant zombies (D:5)
  Robin (D:4)
  3 gnolls (D:5)
  15 adders
  2 river rats (Sewer)
  A shadow imp (D:8)
  4 oozes
  An adder skeleton (D:7)
  3 worms
  4 dart slugs
  9 leopard geckos
  25 orcs
  8 ball pythons
  4 bats
  11 giant cockroaches
  11 goblins
  8 hobgoblins
  11 jackals
  4 kobolds
  2 quokkas (D:5)
  6 frilled lizards
  2 leopard gecko skeletons
  21 rats
228 creatures vanquished.

Vanquished Creatures (collateral kills)
  A komodo dragon (Lair:1)
  A wolf (D:8)
  A big kobold (D:8)
  A kobold (D:8)
4 creatures vanquished.

Vanquished Creatures (others)
  3 slaves
  2 komodo dragon zombies (Lair:1)
  A bullfrog (D:7)
  A centaur zombie (D:8)
  A black bear zombie (D:7)
  An orc wizard (D:6)
  A worker ant (D:6)
  An ogre zombie (D:7)
  A necrophage skeleton (D:6)
  2 orcs (D:6)
  A quokka (D:7)
  An orc skeleton (D:7)
  An orc zombie (D:8)
  7 fungi (D:8)
  2 plants (D:8)
26 creatures vanquished.

Grand Total: 258 creatures vanquished

Action                   |  1- 3 |  4- 6 |  7- 9 | 10-12 || total
-------------------------+-------+-------+-------+-------++-------
Melee: Quarterstaff      |    59 |   249 |   330 |       ||   638
       Battleaxe         |       |       |    52 |   121 ||   173
Throw: Throwing net      |     2 |     2 |       |       ||     4
Invok: Animate Remains   |       |       |     3 |     5 ||     8
       Animate Dead      |       |       |       |     3 ||     3
Evoke: Wand              |       |       |       |     2 ||     2
  Use: Potion            |       |     1 |     8 |     7 ||    16
       Scroll            |       |       |     4 |     2 ||     6
 Stab: Sleeping          |     1 |       |       |     1 ||     2
       Held in net/web   |     1 |       |       |       ||     1
       Distracted        |       |       |       |     1 ||     1
       Confused          |       |       |       |     1 ||     1
  Eat: Chunk             |     1 |    10 |    15 |     7 ||    33
       Pizza             |       |       |     1 |       ||     1
       Bread ration      |       |       |       |     1 ||     1
       Royal jelly       |       |       |       |     1 ||     1
Armor: Leather armour    |    10 |       |       |       ||    10
       Ring mail         |     7 |    58 |    78 |    43 ||   186
       Scale mail        |       |       |    34 |       ||    34
Dodge: Dodged            |    38 |   120 |   201 |   104 ||   463

Skill      XL: |  1  2  3  4  5  6  7  8  9 10 11 |
---------------+----------------------------------+-----
Staves         | 4 5 6 7 8 10 | 10.7
Invocations    | 3 5 |  5.3
Fighting       | 3 5 6 7 |  7.2
Axes           | 4 8 |  8.8
Throwing       | |  2.0
Dodging        | |  3.0
